 Dungeon Crawl Stone Soup version 0.29.0-11-gd7f09526c8 (webtiles) character file.

Game seed: 11781562819034291485

98 Zeldest the Insei (level 5, 0/40 HPs)
             Began as a Meteoran Transmuter on Sept 3, 2022.
             Slain by an orc
             ... wielding a +0 club
              (5 damage)
             ... on level 4 of the Dungeon.
             The game lasted 00:05:40 (795 turns).

Zeldest the Insei (Meteoran Transmuter)              Turns: 795, Time: 00:05:40

Health: 0/40       AC:  2    Str: 13    XL:     5   Next: 21%
Magic:  10/10      EV: 12    Int: 14    God:
Gold:   42         SH:  0    Dex: 15    Spells: 6/9 levels left

rFire   . . .      SeeInvis .     - Unarmed
rCold   . . .      Faith    .   (no shield)
rNeg    . . .      Spirit   .   a - +0 robe
rPois   .          Reflect  .   (helmet currently unavailable)
rElec   .          Harm     .   (no cloak)
rCorr   .          Rampage  .   (no gloves)
Will    .....                   (boots currently unavailable)
Stlth   +.........              d - amulet of magic regeneration
HPRegen 0.13/turn               (no ring)
MPRegen 0.52/turn               (no ring)

@: lethally poisoned (0 -> -11), appendages (expiring), wereblooded (expiring),
hasted, glowing, very quick
A: horns 2, talons 2, sense surroundings 1, otherworldly, glowing, explore regen
a: End Transformation


You were on level 4 of the Dungeon.
You had temporarily grown beastly horns and talons.
You visited 2 branches of the dungeon, and saw 5 of its levels.

You collected 42 gold pieces.

Inventory:

Armour
 a - a +0 robe (worn)
 e - a +0 pair of boots (melded)
 g - a +0 tower shield
 j - a +0 helmet (melded)
Jewellery
 d - an amulet of magic regeneration (around neck)
Scrolls
 c - a scroll of vulnerability {unknown}
 h - a scroll of silence {unknown}
Potions
 f - 2 potions of mutation {unknown}
 i - a potion of attraction {unknown}


   Skills:
 - Level 1.1 Fighting
 - Level 2.4 Dodging
 - Level 1.7 Shields
 * Level 4.9 Unarmed Combat
 - Level 2.6 Spellcasting
 - Level 0.8 Translocations
 * Level 4.0 Transmutations


You had 6 spell levels left.
You knew the following spells:

 Your Spells              Type           Power      Damage    Failure   Level
a - Beastly Appendage     Tmut           26%        N/A       4%          1
b - Wereblood             Tmut           13%        N/A       6%          2

Your spell library contained the following spells:

 Spells                   Type           Power      Damage    Failure   Level
 Spider Form              Tmut/Pois      7%         N/A       28%         3
 Ice Form                 Ice/Tmut       7%         N/A       67%         4


Dungeon Overview and Level Annotations

Branches:
Dungeon (4/15) Zot: 1719   Temple (1/1) D:4 Zot: 466

Altars:
Ashenzari
Cheibriados
Dithmenos
Gozag
Kikubaaqudgha
Makhleb
Nemelex Xobeh
Qazlal
Sif Muna
Trog
Vehumet
Xom
Yredelemnul
Zin
The Shining One

Shops:
D:4 !


Innate Abilities, Weirdness & Mutations

You have temporarily grown beastly horns and talons.
You passively map a small area around you.
You are easily found by Zot.
You glow in the dark.
You regain HP and MP as you explore.


Message History

You are poisoned.
You hit something.
You feel very sick.
You hear some strange, mumbled words.
Something tries to affect you, but you resist.
You closely miss something. You claw something. Your headbutt misses something.
Your transformation is almost over.
You feel sick. The dart slug launches a dart at you.
The slug dart hits something.
Something hits you.
You miss something. Your kick misses something.
You feel sick. Something hits you.
You hit something.
You feel sick.
You closely miss something.
You feel sick. Something hits you.
You are more poisoned.
You hit something but do no damage. Your headbutt misses something.
You feel very sick. Something barely misses you.
You hit something but do no damage. You claw something.
You feel sick. Something hits you.
You are lethally poisoned!
You completely miss something. Your headbutt misses something.
* * * LOW HITPOINT WARNING * * *
You feel very sick. Something barely misses you.
The dart slug launches a dart at you.
The slug dart hits something.
You feel a bit more experienced.
Your Transmutations skill increases to level 4!
* * * LOW HITPOINT WARNING * * *
You feel very sick. The orc closely misses you. The dart slug bites you.
* * * LOW HITPOINT WARNING * * *
There is an open door, spattered with blood here.
Items here: ))) [[ †.
It was a potion of haste.
You feel yourself speed up.
Your primal bloodlust is almost over.
* * * LOW HITPOINT WARNING * * *
You feel very sick. The orc hits you with a +0 club.
You die...

, #....#....#.>.#....
, ,#....#...#.#†#.#...
,#....#....#.#.#...# *
### #...#.....#.#....#
#..##...###..........+
, ,
#........#.....#.....#
#........'.....#.....#
, ,
##+##.####'##+##.....+
,, *, #@#, ....
,.....# , #...wo#
......., ....#
#.....#.........#
........+.........# ,
, ........#.........#
, .##..##.#.........#
* #.. #.# , , *
,,...,+.. , , , * , ,
,


You could see a dart slug and an orc.

Vanquished Creatures
  Terence (D:2)
  Robin (D:3)
  A worm (D:2)
  A dart slug (D:2)
  2 orcs (D:4)
  3 bats
  11 goblins
  3 hobgoblins (D:3)
  2 jackals (D:2)
  4 kobolds
  A quokka (D:3)
  4 ball pythons
  4 frilled lizards
  2 rats
40 creatures vanquished.

Vanquished Creatures (others)
  An orc wizard (D:4)
1 creature vanquished.

Grand Total: 41 creatures vanquished

Notes
Turn   | Place    | Note
-------+----------+-------------------------------------------
     0 | D:1      | Zeldest the Meteoran Transmuter began the quest for the
                  | Orb.
     0 | D:1      | Reached XP level 1. HP: 16/16 MP: 5/5
   110 | D:1      | Reached XP level 2. HP: 20/23 MP: 6/6
   116 | D:1      | Learned a level 2 spell: Wereblood
   205 | D:2      | Noticed Terence
   244 | D:2      | Killed Terence
   245 | D:2      | Reached skill level 1 in Shields
   245 | D:2      | Reached XP level 3. HP: 14/28 MP: 8/8
   253 | D:2      | Reached XP level 4. HP: 10/35 MP: 9/9
   314 | D:3      | Noticed Robin
   481 | D:3      | Killed Robin
   604 | D:4      | Found Uguez's Distillery.
   610 | D:4      | Found a staircase to the Ecumenical Temple.
   626 | Temple   | Entered the Ecumenical Temple
   784 | D:4      | Reached XP level 5. HP: 38/40 MP: 10/10
   795 | D:4      | Slain by an orc

Illustrated notes

Levels and vault maps discovered:
D:1:      evilmike_arrival_plus, layout_basic
D:2:      layout_rooms, basic_ecumenical_altar, minivault_4, uniq_terence
D:3:      layout_basic, uniq_robin
D:4:      layout_gridville, minmay_temple_entry_grid, serial_shops,
          nicolae_square_shop, nicolae_shop_window_shopping, minmay_door_square,
          grunt_ministairs_12
Temple:   regret_index_temple_generic_petals

Skill      XL: |  1  2  3  4  5 |
---------------+----------------+-----
Unarmed Combat | 4 |  4.9
Shields        | 1 |  1.7
Transmutations | 3 4 |  4.0
Fighting       | |  1.1
Dodging        | |  2.4
Spellcasting   | |  2.6
Translocations | |  0.8

Action                   |  1- 3 |  4- 6 || total
-------------------------+-------+-------++-------
Melee: Unarmed           |    35 |    84 ||   119
       Kick              |     3 |     8 ||    11
       Headbutt          |     1 |     2 ||     3
 Cast: Beastly Appendage |     5 |     3 ||     8
       Wereblood         |     3 |     2 ||     5
  Use: Potion            |     1 |     3 ||     4
Armor: Robe              |     3 |    17 ||    20
       Skin              |     4 |     1 ||     5
Dodge: Dodged            |     6 |    34 ||    40
Block: Tower shield      |     9 |    51 ||    60
